 Dungeon Crawl Stone Soup version 0.21-a0-29-g43b3074 (webtiles) character file.

14 blackwizard the Digger (level 2, -1/24 HPs)
             Began as a Troll Earth Elementalist on May 26, 2017.
             Slain by Terence
             ... wielding a +0 mace
              (5 damage)
             ... on level 2 of the Dungeon.
             The game lasted 00:05:05 (684 turns).

blackwizard the Digger (Troll Earth Elementalist)    Turns: 684, Time: 00:05:06

Health: -1/24      AC:  5    Str: 15    XL:     2   Next: 31%
Magic:  3/3        EV: 10    Int: 11    God:
Gold:   15         SH:  0    Dex: 10    Spells: 3/4 levels left

rFire    . . .     SeeInvis .   o - +0 hand axe
rCold    . . .     Gourm    +   (no shield)
rNeg     . . .     Faith    .   c - +0 robe
rPois    .         Spirit   .   (helmet restricted)
rElec    .         Reflect  .   (no cloak)
rCorr    .         Harm     .   (gloves unavailable)
MR       .....                  (boots unavailable)
Stlth    +.........             (no amulet)
Regen    0.5/turn               (no ring)
MPRegen  0.1/turn               (no ring)

@: no status effects
A: unfitting armour, claws 3, fast metabolism 3, gourmand, regeneration 1,
shaggy fur 1, tough skin 2
a: no special abilities


You were on level 2 of the Dungeon.
You were not hungry.

You visited 1 branch of the dungeon, and saw 2 of its levels.

You collected 15 gold pieces.

Inventory:

Hand Weapons
 f - a +0 dagger
 i - a +0 dagger
 l - a +0 club
 n - a +0 club
 o - a +0 hand axe (weapon)
Missiles
 b - 32 stones (quivered)
 h - 20 sling bullets
 k - 7 tomahawks of dispersal
 m - 5 large rocks
Armour
 c - a +0 robe (worn)
Scrolls
 a - 2 scrolls of identify {unknown}
 g - a scroll of enchant weapon {unknown}
 r - a scroll of recharging {unknown}
Potions
 j - a potion of degeneration {unknown}
 q - a potion of brilliance {unknown}
Books
 e - a book of Geomancy

   Spells                             Type                      Level
   a - Sandblast                      Earth                        1
   b - Passwall                       Transmutation/Earth          2
   c - Stone Arrow                    Conjuration/Earth            3
   d - Petrify                        Transmutation/Earth          4
   e - Lee's Rapid Deconstruction     Earth                        5
Comestibles
 d - a bread ration
 p - a chunk of flesh


   Skills:
 + Level 0.2 Fighting
 + Level 1.6 Dodging
 + Level 1.0 Stealth
 + Level 0.2 Unarmed Combat
 + Level 1.5 Spellcasting
   Level 0.6 Transmutations
 + Level 2.9 Earth Magic


You had 3 spell levels left.
You knew the following spells:

 Your Spells              Type           Power        Failure   Level  Hunger
a - Sandblast             Erth           #.....       9%          1    ##.....


Dungeon Overview and Level Annotations

Branches:
Dungeon (2/15)

Altars:
The Shining One

Annotations:
D:2 Terence


Innate Abilities, Weirdness & Mutations

You are too large for most types of armour.
You have claws for hands.
Your metabolism is lightning-fast.
You like to eat raw meat.
Your natural rate of healing is unusually fast.
You are covered in fur. (AC +1)
You have very tough skin. (AC +2)


Message History

Terence is moderately wounded.
Terence hits you with a mace. x2
You barely miss Terence.
Terence is moderately wounded.
Terence hits you with a mace.
* * * LOW HITPOINT WARNING * * *
You slash Terence!
Terence is severely wounded.
Terence hits you with a mace.
* * * LOW HITPOINT WARNING * * *
You hit Terence but do no damage.
Terence is severely wounded.
Terence hits you but does no damage.
You hit Terence but do no damage.
Terence is severely wounded.
Terence hits you but does no damage.
You hit Terence but do no damage.
Terence is severely wounded.
Terence hits you with a mace.
You die...

# ###### ######
#<.... #....#
###### #.##.#
#..... #####.##.##
#.#### #.........#
#.#
#.@@......####.#
#.......<...##.#
.....###.#........#
#.###.#
#.#...#.#### #.#
#.#...#... #.#
#@#...##.... ..#
#.##### .###.. ###
#.# .# . ..


You could see Terence.

Vanquished Creatures
  A leopard gecko (D:1)
  3 bats (D:1)
  2 goblins (D:1)
  A hobgoblin (D:1)
  3 kobolds (D:1)
  A frilled lizard (D:1)
  A rat (D:1)
12 creatures vanquished.

Notes
Turn   | Place    | Note
-------+----------+-------------------------------------------
     0 | D:1      | blackwizard the Troll Earth Elementalist began the quest for the Orb.
     0 | D:1      | Reached XP level 1. HP: 16/16 MP: 1/1
   225 | D:1      | Reached XP level 2. HP: 24/24 MP: 3/3
   395 | D:1      | Found a glowing golden altar of the Shining One.
   655 | D:2      | Noticed Terence
   684 | D:2      | Slain by Terence

Vault maps used:
D:1:      matt_arrival_diagonals, tso_metal_star
D:2:      uniq_jessica, uniq_terence

Action                   || total
-------------------------++-------
Melee: Unarmed           ||    20
       Hand axe          ||    40
       Club              ||    16
  Eat: Bread ration      ||     1
Armor: Robe              ||    57
Dodge: Dodged            ||    76
